[Event "Late-Titled-Tuesday-Blitz-January-23-2024"]
[Site "Chess.com"]
[Date "2024.01.23"]
[Round "3"]
[White "vugarrasulov"]
[Black "IgorBjelobrk"]
[Result "1-0"]
[WhiteElo "2928"]
[BlackElo "2624"]
[TimeControl "180+1"]
[EndTime "14:29:06 PST"]
[Termination "vugarrasulov won by resignation"]

1. e4 e6 2. d4 d5 3. exd5 exd5 4. Nf3 Nf6 5. Bd3 c5 6. O-O Nc6 7. Re1+ Be7 8. dxc5 O-O 9. Nbd2 Bxc5 10. Nb3 Bb6 11. h3 h6 12. c3 a6 13. Nbd4 Nxd4 14. Nxd4 Bxd4 15. cxd4 Be6 16. Bf4 Qb6 17. Qd2 Ne4 18.
Bxe4 dxe4 19. d5 Rfd8 20. d6 f5 21. b3 Rac8 22. Rac1 Rxc1 23. Rxc1 Rd7 24. h4 Kh7 25. Be5 Kg6 26. Rc3 Kh7 27. Qf4 Qa5 28. Rc7 Rxc7 29. dxc7 Qc5 30. Qg3 Qe7 31. Bd4 Bc8 32. h5 Qf7 33.
Qe5 Qd7 34. a4 Qf7 35. b4 Qd7 36. b5 axb5 37. axb5 Qf7 38. b6 Qd7 39. Kh2 Qf7 40. Kg3 Qd7 41. Kh2 Qf7 42. Kg1 Qd7 43. Qc5 Qf7 44.
Qd6 Qe6 45. Qf8 Qd7 46. Qd8 Qe6 47. Kh2 Qd7 48. Kg3 Qe6 49. Kf4 Bd7 50. Qf8 Qg8 51.
Qxg8+ Kxg8 52. Ke5 Kf7 53. Kd6 Bc8 54. g3 g6 55.
hxg6+ Kxg6 56. Ke7 f4 57. gxf4 h5 58. Bf6 Bg4 59. Bg5 Bf5 60. Kd8 Kf7 61. c8=Q 1-0

[Event "Late-Titled-Tuesday-Blitz-January-23-2024"]
[Site "Chess.com"]
[Date "2024.01.23"]
[Round "3"]
[White "alexrustemov"]
[Black "SaqoChess_Twitch"]
[Result "0-1"]
[WhiteElo "2848"]
[BlackElo "2627"]
[TimeControl "180+1"]
[EndTime "14:29:07 PST"]
[Termination "SaqoChess_Twitch won on time"]

1. d4 d5 2. c4 e6 3. Nc3 Nf6 4.
cxd5 Nxd5 5. Nf3 Nxc3 6. bxc3 c5 7. g3 cxd4 8. Qxd4 Qxd4 9. Nxd4 Bd7 10. Bg2 Nc6 11. Rb1 Nxd4 12. cxd4 Bc6 13. Bxc6+ bxc6 14. Bf4 a5 15. O-O Bb4 16. Rb3 O-O 17. a3 Be7 18. Rc1 a4 19. Rbc3 Rfc8 20. R1c2 Ra6 21. Bc1 Kf8 22. e4 Ke8 23. Kg2 Kd7 24. Rc4 Rb8 25. h4 Rb3 26. d5 exd5 27. exd5 c5 28. Rf4 f6 29. Rcc4 Rd3 30. Rxa4 Rxa4 31. Rxa4 Rxd5 32. Ra7+ Ke6 33. Kf3 h5 34. Ke2 c4 35. a4 Re5+ 36. Be3 g5 37. a5 Bc5 38. Ra6+ Kf5 39. hxg5 fxg5 40. Ra8 Bxe3 41. fxe3 Kg4 42. Kf2 Rc5 43. Rd8 c3 44. Rd4+ Kh3 45. Rd1 Rf5+ 46. Ke2 Rxa5 47.
Kf3 Rf5+ 48. Ke4 Rf2 49. Kd3 Rd2+ 50. Rxd2 cxd2 51. Kxd2 Kxg3 52. Kd3 h4 53. e4 h3 54. e5 h2 55. e6 h1=Q 56. e7 Qd5+ 0-1

[Event "Late-Titled-Tuesday-Blitz-January-23-2024"]
[Site "Chess.com"]
[Date "2024.01.23"]
[Round "3"]
[White "baag"]
[Black "Firouzja2003"]
[Result "0-1"]
[WhiteElo "2851"]
[BlackElo "3147"]
[TimeControl "180+1"]
[EndTime "14:29:09 PST"]
[Termination "Firouzja2003 won by resignation"]

1. d4 g6 2. c4 Bg7 3. Nf3 d6 4. g3 Nf6 5. Nc3 O-O 6. Bg2 c6 7. O-O Bf5 8. Ne1 Be6 9. d5 cxd5 10. cxd5 Bf5 11. e4 Bd7 12. Nd3 Na6 13. h3 Rc8 14. Be3 b6 15. Rc1 Nc5 16. Nb4 Qe8 17. Nc6 Bxc6 18. dxc6 Rxc6 19. e5 dxe5 20. Bxc6 Qxc6 21.
Bxc5 bxc5 22. Qe2 Qe6 23. Kh2 e4 24. Rce1 Rb8 25. Nxe4 Qxa2 26. Nc3 Qb3 27. Qxe7 h5 28. Qxc5 h4 29. g4 Nd7 30. Qd5 Qxd5 31. Nxd5 Rxb2 32. Re7 Ne5 33. Rxa7 Nd3 34. Ra8+ Kh7 35. Kg2 Bd4 36.
Kf3 Nxf2 37. Ra4 Rb3+ 38. Ke2 Bc5 39. Rf4 Rb2+ 40. Kf3 Nxh3 41. Rxf7+ Kh6 42. Rc7 Ng5+ 43. Kf4 Bd6+ 44. Ke3 Rb3+ 45. Rc3 Rb5 46. Nf6 Be5 47. Rc8 Rb3+ 48. Ke2 Ne6 49. Ng8+ Kg5 50. Ne7 Nf4+ 51. Kd2 Rd3+ 52. Kc2 Rd7 53. Nc6 Bf6 54. Rg8 Nd5 55.
Nb8 Rd6 56. Kd3 Ne7+ 0-1

[Event "Late-Titled-Tuesday-Blitz-January-23-2024"]
[Site "Chess.com"]
[Date "2024.01.23"]
[Round "3"]
[White "NastyChess74"]
[Black "Eloist"]
[Result "0-1"]
[WhiteElo "2146"]
[BlackElo "2414"]
[TimeControl "180+1"]
[EndTime "14:29:09 PST"]
[Termination "Eloist won on time"]

1. e4 e6 2. d4 d5 3. e5 c5 4. c3 Qb6 5. Nf3 Bd7 6. Be2 cxd4 7. cxd4 Bb5 8. O-O Bxe2 9. Qxe2 Nc6 10. Rd1 Nge7 11.
Be3 Nf5 12. Nc3 Be7 13. Na4 Qa5 14. Nc5 Bxc5 15. dxc5 O-O 16. a3 Qa4 17. b4 a5 18.
b5 Nxe3 19. fxe3 Na7 20. Nd4 Rac8 21. Rdc1 f6 22. exf6 Rxf6 23. Rf1 Rcf8 24. Rxf6 Rxf6 25. Rf1 Rxf1+ 26. Qxf1 Qxa3 27. Qf4 Qc1+ 28. Kf2 Qxc5 29. Nxe6 Qc2+ 30. Kf3 Qe4+ 31. Qxe4 dxe4+ 32. Kxe4 Nxb5 33. Nc5 b6 34. Na4 Nd6+ 35. Kd5 b5 36. Nc3 b4 37.
Na4 Nf5 38. e4 Ne3+ 39. Kd6 b3 40. e5 Nc4+ 41. Kd5 b2 42. Nxb2 Nxb2 43. Kd6 Nc4+ 44. Kd5 Nxe5 45. Kxe5 a4 46. Kd4 Kf7 47. Kc4 Ke6 48. Kb4 Kd5 49. Kxa4 Ke4 50. Kb4 Ke3 51.
Kc4 Kf2 52. g4 Kg2 53. h4 Kg3 0-1

[Event "Late-Titled-Tuesday-Blitz-January-23-2024"]
[Site "Chess.com"]
[Date "2024.01.23"]
[Round "3"]
[White "sofaceindisguise"]
[Black "Msb2"]
[Result "0-1"]
[WhiteElo "2762"]
[BlackElo "3042"]
[TimeControl "180+1"]
[EndTime "14:29:12 PST"]
[Termination "Msb2 won by resignation"]

1. d4 d5 2. c4 e6 3. Nc3 Bb4 4. Nf3 Nf6 5. Bf4 dxc4 6. e3 b5 7.
Be2 Bb7 8. O-O c6 9. Qc2 O-O 10. Rfc1 Nbd7 11. Bg3 a6 12. b3 cxb3 13. axb3 Be7 14.
Ne4 Nxe4 15. Qxe4 Qb6 16. Ne5 Nxe5 17. Bxe5 c5 18. dxc5 Bxc5 19. Qg4 f6 20. Bc3 b4 21.
Bd4 Bxd4 22. exd4 Bd5 23. Bc4 Bxc4 24. Rxc4 a5 25. Rac1 f5 26. Qf4 Rad8 27. h4 Qd6 28. Qe3 Qe7 29. h5 h6 30. Rc7 Rd7 31. Rxd7 Qxd7 32.
Rc5 Ra8 33. Qe5 Rc8 34. Rxc8+ Qxc8 35. d5 Kf7 36. dxe6+ Qxe6 37. Qxa5 Qxb3 38. Qxf5+ Kg8 39. Qc8+ Kf7 40. Qd7+ Kf6 41. Qd6+ Kf5 42. Qd7+ Ke4 43. Qe7+ Kd3 44. Qxg7 Qd1+ 45. Kh2 Qxh5+ 46. Kg1 b3 47. Qd7+ Kc2 48. Qc6+ Kb2 49. f4 Qd1+ 50. Kh2 Qg4 51. Qf6+ Kb1 52. f5 b2 53. Qe5 Ka2 54. Qa5+ Kb3 55.
Qb5+ Qb4 56. Qd5+ Ka3 57. Qd3+ Ka2 58. Qd2 Qxd2 0-1

[Event "Late-Titled-Tuesday-Blitz-January-23-2024"]
[Site "Chess.com"]
[Date "2024.01.23"]
[Round "3"]
[White "TimGrutter03"]
[Black "Ali_rastbod"]
[Result "1/2-1/2"]
[WhiteElo "2560"]
[BlackElo "2695"]
[TimeControl "180+1"]
[EndTime "14:29:13 PST"]
[Termination "Game drawn - insufficient material"]

1. Nf3 c5 2. g3 Nc6 3. Bg2 g6 4. O-O Bg7 5. c4 Nh6 6. Nc3 O-O 7. b3 e6 8. Bb2 d5 9. cxd5 exd5 10. d3 Nf5 11. Rc1 b6 12. Nd2 Nfe7 13. Qc2 Bb7 14.
Qb1 Rc8 15. Rfd1 d4 16. Nce4 f5 17. Ng5 Qd7 18. Nc4 h6 19. Nf3 g5 20. e3 dxe3 21.
fxe3 Qe6 22. Bxg7 Kxg7 23. d4 cxd4 24. exd4 Nd5 25. Re1 Qf6 26. Nfe5 Rfd8 27. Nxc6 Bxc6 28. Ne5 Bb7 29. Qd3 f4 30. Rxc8 Bxc8 31. Bxd5 Rxd5 32. Qc4 Be6 33. Qc7+ Kg8 34. Qb8+ Qd8 35. Qxa7 fxg3 36. hxg3 Rxd4 37. Nc6 Qd6 38. Qa8+ Kh7 39. Qb7+ Kg6 40. Rxe6+ Qxe6 41. Nxd4 Qe3+ 42. Kg2 Qxd4 43. Qc6+ Kf5 44. Qc8+ Ke4 45. Qe6+ Kd3 46. Qe1 Qe4+ 47. Qxe4+ Kxe4 48. a4 Kd4 49. b4 Kc4 50. a5 bxa5 51. bxa5 Kb5 52.
Kf3 h5 53. Ke4 h4 54. gxh4 gxh4 55. Kf4 h3 56. Kg3 h2 57. Kxh2 Kxa5 1/2-1/2

[Event "Late-Titled-Tuesday-Blitz-January-23-2024"]
[Site "Chess.com"]
[Date "2024.01.23"]
[Round "3"]
[White "KacperPolOK"]
[Black "Andrej2004"]
[Result "1-0"]
[WhiteElo "2490"]
[BlackElo "2609"]
[TimeControl "180+1"]
[EndTime "14:29:13 PST"]
[Termination "KacperPolOK won by resignation"]

1. e4 b6 2. Nc3 Bb7 3. d4 g6 4. Be3 Bg7 5. f3 d6 6. Qd2 Nd7 7. h4 h6 8. h5 g5 9. Nge2 e6 10. O-O-O a6 11. Kb1 Qe7 12. g3 O-O-O 13. Bh3 Kb8 14.
f4 gxf4 15. gxf4 Ngf6 16. Ng3 Rhg8 17. Rhg1 Ka7 18. Qe2 c5 19. e5 Nd5 20. Nxd5 Bxd5 21. f5 dxe5 22. dxc5 Nxc5 23. Bxc5 Qxc5 24. fxe6 fxe6 25.
Ne4 Qb4 26. Rg4 Bxe4 27. Rxd8 Rxd8 28. a3 Qe7 29. Rxe4 Bf6 30. Ra4 Qb7 31. Bxe6 b5 32.
Re4 Qc6 33. Qf2+ Kb8 34. Bf5 Rd1+ 35. Ka2 Qd5+ 36. b3 Qc6 37. Rg4 Qc3 38. Qb6+ Ka8 39.
Rg8+ Bd8 40. Rxd8+ Rxd8 41. Qxd8+ Kb7 42. Be4+ Ka7 43.
Qd7+ Kb6 44. Qd6+ Ka7 45. Qd3 Qe1 46. Kb2 b4 47. axb4 Qxb4 48. Qd5 a5 49. Qa8+ Kb6 50.
Qb7+ Kc5 51. Qxb4+ axb4 52. c3 bxc3+ 53. Kxc3 Kb5 54. b4 Kb6 55. Kc4 Ka6 56. b5+ Kb6 57. Bc6 Ka5 58. Kd5 e4 59. Kxe4 Kb6 60. Kf5 1-0

[Event "Late-Titled-Tuesday-Blitz-January-23-2024"]
[Site "Chess.com"]
[Date "2024.01.23"]
[Round "3"]
[White "AlexSuv"]
[Black "jcmesafischer"]
[Result "1-0"]
[WhiteElo "2575"]
[BlackElo "2346"]
[TimeControl "180+1"]
[EndTime "14:29:13 PST"]
[Termination "AlexSuv won by checkmate"]

1. d4 Nf6 2. Bg5 d5 3. Bxf6 gxf6 4. e3 c5 5. dxc5 e6 6. c4 Bxc5 7. cxd5 exd5 8. Nf3 Nc6 9. Bb5 a6 10. Bxc6+ bxc6 11. O-O O-O 12. Nbd2 Kh8 13. Rc1 Qe7 14. Qc2 Bd6 15.
Qxc6 Bb7 16. Qb6 d4 17. Qxd4 Rad8 18. Qh4 Rg8 19. Kh1 Bb4 20. Nb3 Rxg2 21. Kxg2 Rg8+ 22. Qg3 Qe4 23. Nd4 Bd6 24. Qxg8+ Kxg8 25. Rg1 Be5 26.
Kf1+ Kf8 27. Ke2 a5 28. Rc3 Ba6+ 29. Kd2 Bd6 30. a3 Qb7 31. Kc1 Be5 32. Nxe5 fxe5 33. Nc6 Qb6 34. Nxe5 Qd6 35. f4 f6 36. Nf3 Bb7 37.
Nd4 Qd5 38. f5 Qa2 39. Ne6+ Ke7 40. Rg7+ Kd6 41. Rxb7 Qa1+ 42. Kc2 Qg1 43. Rb6+ Ke5 44. Rc5+ Ke4 45. Rxa5 Qf2+ 46. Kb1 Qe1+ 47. Ka2 Qxa5 48. Rb4+ Kxf5 49. Nd4+ Kg6 50. Rc4 Qd5 51. b3 Qe5 52. Nc2 Qxh2 53. a4 h5 54. a5 h4 55. a6 h3 56. a7 Qg2 57. e4 h2 58. a8=Q h1=Q 59. Qg8+ Kh6 60. Qh8+ Kg5 61. Qg7+ Kh4 62. e5+ Kh3 63. Qh6+ Kg3 64. Rc3+ Kf2 65. Qe3+ Kf1 66. Qe1# 1-0

[Event "Late-Titled-Tuesday-Blitz-January-23-2024"]
[Site "Chess.com"]
[Date "2024.01.23"]
[Round "3"]
[White "Lady_Nika"]
[Black "Jenia84"]
[Result "0-1"]
[WhiteElo "2545"]
[BlackElo "2323"]
[TimeControl "180+1"]
[EndTime "14:29:13 PST"]
[Termination "Jenia84 won on time"]

1. e4 c5 2. Nc3 Nc6 3. g3 g6 4.
Bg2 Bg7 5. d3 Nf6 6. f4 O-O 7.
Nf3 a6 8. O-O b5 9. Be3 d6 10.
Rb1 Bb7 11. Ne2 Nd7 12. h4 e5 13. f5 Nd4 14. Bg5 f6 15. Nfxd4 cxd4 16. Bd2 Nc5 17.
g4 d5 18. Bb4 Rc8 19. Ng3 Bh6 20. Bd2 Be3+ 21. Kh2 Bxd2 22. Qxd2 dxe4 23. dxe4 Qe7 24. Rf2 Qg7 25. g5 Rc7 26. Rbf1 Rcf7 27. Qb4 Nd7 28. Bh3 Bc8 29. fxg6 hxg6 30. Be6 Qh7 31. Bxf7+ Rxf7 32. Kg2 Qxh4 33. gxf6 Bb7 34. Qe1 Rxf6 35. Rxf6 Nxf6 36. Rh1 Qg5 37. Kh2 Qh4+ 38. Kg2 Qg5 39.
Kh2 Qf4 40. Rf1 Ng4+ 41. Kh3 Qg5 42. Kg2 Ne3+ 43. Kh3 Nxf1 44. Qxf1 Bc8+ 45. Kg2 Bg4 46. Qf2 Qf4 47. Qe1 Bf3+ 48. Kh2 g5 49. Qb4 Qh4+ 50. Kg1 Qxg3+ 0-1

[Event "Late-Titled-Tuesday-Blitz-January-23-2024"]
[Site "Chess.com"]
[Date "2024.01.23"]
[Round "3"]
[White "GothamChess"]
[Black "dropstoneDP"]
[Result "1-0"]
[WhiteElo "2790"]
[BlackElo "3039"]
[TimeControl "180+1"]
[EndTime "14:29:14 PST"]
[Termination "GothamChess won by checkmate"]

1. d4 d5 2. Bg5 h6 3. Bh4 c6 4. Nc3 Qb6 5. Rb1 Bf5 6. f3 e5 7. Bf2 exd4 8. Bxd4 Bc5 9. e3 Nf6 10.
Kf2 O-O 11. Na4 Bxd4 12. Nxb6 Bxb6 13. Bd3 Bd7 14. Qd2 Re8 15. Re1 c5 16. c3 Nc6 17.
Nh3 Re7 18. g4 Rae8 19. Kg2 c4 20. Bf5 Bxf5 21. gxf5 Bxe3 22. Qc2 b5 23. Re2 d4 24. Qb1 d3 25. Ree1 Nd5 26. Rhf1 Re5 27. Kh1 Rxf5 28. a4 b4 29. Qa2 b3 30. Qa3 Re6 31. a5 a6 32. Qa4 Ne5 33. f4 d2 34. fxe5 dxe1=Q 35. Rxe1 Rfxe5 36. Qxc4 g5 37. Qxb3 g4 38. Ng1 Nf4 39. Qb8+ Kg7 40. Rxe3 Rxe3 41. Qxf4 R3e4 42. Qf2 Kg6 43. b4 f5 44. h3 h5 45. Qc2 f4 46.
c4 Kg5 47. c5 f3 48. c6 Re2 49. Qc1+ Kh4 50. c7 Re1 51. c8=Q f2 52. Qd8+ Kg3 53. Qc3+ R6e3 54. Qd6+ Kh4 55. Qcf6# 1-0

[Event "Late-Titled-Tuesday-Blitz-January-23-2024"]
[Site "Chess.com"]
[Date "2024.01.23"]
[Round "3"]
[White "MusicCityMaster"]
[Black "azikom"]
[Result "0-1"]
[WhiteElo "2468"]
[BlackElo "2680"]
[TimeControl "180+1"]
[EndTime "14:29:15 PST"]
[Termination "azikom won by resignation"]

1. d4 d5 2. c4 e6 3. Nc3 c6 4. e3 f5 5. Nf3 Nf6 6. g3 Bd6 7. Bg2 O-O 8. O-O Ne4 9. Qc2 Nd7 10. Rb1 Qe7 11. a3 Ndf6 12. b4 Bd7 13. b5 Nxc3 14.
Qxc3 cxb5 15. c5 Bc7 16. a4 a6 17. Ba3 Ne4 18. Qc1 Bc6 19. axb5 axb5 20. Bb4 Ra2 21. Rb2 Rfa8 22. Nd2 Qe8 23. f3 Nxd2 24. Qxd2 Rxb2 25.
Qxb2 Ra4 26. e4 fxe4 27. fxe4 dxe4 28. Bc3 Bd5 29. Qf2 h6 30. Qe2 Ra2 31. Qg4 e3 32. Be4 e2 33. Re1 Bxe4 34. Qxe4 Qc6 35. Rxe2 Rxe2 36.
Qxe2 Bd8 37. Qe5 Bf6 38. Qb8+ Kh7 39. Qf4 Qd5 40. Qe3 b4 41. Bb2 Qf5 42. Qf2 Kg6 43. Kg2 h5 44. Qd2 Qe4+ 45. Kf2 Qf5+ 46. Kg2 Qd5+ 47.
Kf2 b3 48. Qd3+ Qf5+ 49. Qxf5+ Kxf5 50. Ke3 Kg4 51. Kd3 Kh3 52. Kc4 Kxh2 53. Kxb3 Kxg3 54.
d5 exd5 55. Bxf6 gxf6 56. Kb4 h4 57. Kb5 h3 58. Kb6 h2 59. Kxb7 h1=Q 60. c6 d4 61. Kb6 Qxc6+ 62. Kxc6 d3 0-1

[Event "Late-Titled-Tuesday-Blitz-January-23-2024"]
[Site "Chess.com"]
[Date "2024.01.23"]
[Round "3"]
[White "Rud_Makarian"]
[Black "Korchmar_Vasiliy"]
[Result "1/2-1/2"]
[WhiteElo "2983"]
[BlackElo "2736"]
[TimeControl "180+1"]
[EndTime "14:29:16 PST"]
[Termination "Game drawn by repetition"]

1. d4 d5 2. c4 c6 3. Nf3 Nf6 4. Nc3 a6 5. g3 dxc4 6. Bg2 g6 7. Ne5 Be6 8. O-O Bg7 9. e4 O-O 10. Bf4 Nbd7 11. d5 cxd5 12. exd5 Nxd5 13. Bxd5 Nxe5 14.
Bxe6 fxe6 15. Bxe5 Bxe5 16. Qe2 Qa5 17. Qxc4 Bxc3 18.
Qxe6+ Rf7 19. bxc3 Qxc3 20. Rac1 Qf6 21. Qe4 e5 22. Rc5 Re8 23. Kg2 Kg7 24. a4 Ree7 25. a5 Re6 26. h4 Ree7 27. Rc4 Re6 28. Rc2 b6 29. axb6 Rxb6 30. Re1 Rb5 31. Ree2 Qf5 32. Rc4 Qxe4+ 33. Rcxe4 a5 34. Ra4 Ra7 35. Rea2 Rc5 36.
Kf3 Rb5 37. Ke4 Kf6 38. R2a3 Ke6 39. Ra2 h6 40. Ke3 Kd5 41. Kf3 Ke6 42. Ke4 Rc5 43. Ke3 Rb5 44. Ke4 Rc5 45. Kf3 Kf5 46. Kg2 Ke6 47.
f3 Rd5 48. g4 h5 49. Kg3 Kf6 50. R2a3 Rc5 51. Ra2 Rd5 52. R2a3 Rc5 53. Ra2 Rb5 54. R2a3 Rd5 55. Ra2 Rc5 56. R2a3 Rb5 57. Ra2 Rc5 58. R2a3 Rd5 59. Ra2 Rc5 1/2-1/2

[Event "Late-Titled-Tuesday-Blitz-January-23-2024"]
[Site "Chess.com"]
[Date "2024.01.23"]
[Round "3"]
[White "Jumbo"]
[Black "BeanScreen"]
[Result "0-1"]
[WhiteElo "2947"]
[BlackElo "2739"]
[TimeControl "180+1"]
[EndTime "14:29:17 PST"]
[Termination "BeanScreen won by resignation"]

1. d4 d5 2. Nf3 e6 3. c4 a6 4. Bg5 Be7 5. Bxe7 Nxe7 6. Nbd2 O-O 7. Rc1 b6 8. cxd5 exd5 9. g3 Bb7 10. Bg2 Nd7 11. O-O c5 12. dxc5 bxc5 13. Qc2 Re8 14. Ng5 Ng6 15. Ndf3 h6 16. Nh3 Qe7 17. Rfe1 Rac8 18.
Nd2 Nf6 19. Qf5 Qc7 20. Rc2 Re5 21. Qd3 Rce8 22. b3 Qb6 23. e3 a5 24. Rec1 Ba6 25.
Qc3 d4 26. Nc4 Bxc4 27. Qxc4 dxe3 28. fxe3 Rxe3 29. Qxc5 Re1+ 30. Rxe1 Rxe1+ 31. Kf2 Ne4+ 32. Bxe4 Qxc5+ 33. Rxc5 Rxe4 34. Rxa5 Ne5 35. Nf4 f5 36.
h3 g5 37. Ng2 Kf7 38. Rd5 Ke6 39. Rd1 f4 40. gxf4 gxf4 41. Re1 Nd3+ 42. Kf1 Nxe1 43.
Nxe1 Kf5 44. Kf2 Re3 45. Nf3 Ke4 46. Nd2+ Kd3 47. Nf3 Re2+ 48. Kf1 Rxa2 49. Ne5+ Ke4 50. Ng4 h5 51. Nf6+ Ke3 52. Nxh5 f3 53. Kg1 Ra1+ 54.
Kh2 f2 55. Ng3 f1=Q 56. Nxf1+ Rxf1 57. Kg3 Rg1+ 58. Kh4 Rb1 59. Kg5 Rxb3 60. h4 Rb5+ 61. Kg6 Kf4 62. h5 Rb6+ 63. Kg7 Kg5 0-1

[Event "Late-Titled-Tuesday-Blitz-January-23-2024"]
[Site "Chess.com"]
[Date "2024.01.23"]
[Round "3"]
[White "cthulhuuu"]
[Black "Fh2411"]
[Result "1-0"]
[WhiteElo "2452"]
[BlackElo "2603"]
[TimeControl "180+1"]
[EndTime "14:29:19 PST"]
[Termination "cthulhuuu won on time"]

1. e4 c5 2. Nf3 e6 3. d3 Nc6 4. g3 b6 5. Bg2 Bb7 6. e5 Nge7 7. O-O Ng6 8. Nbd2 d6 9. exd6 Bxd6 10. Nc4 O-O 11. h4 h6 12. h5 Nge7 13. Nxd6 Qxd6 14.
Bf4 Qd7 15. Qd2 Rfd8 16. g4 Nd5 17. Bxh6 gxh6 18. Qxh6 Qe7 19. Ng5 f6 20. Qg6+ Qg7 21.
Qxg7+ Kxg7 22. Nxe6+ Kf7 23. Nxd8+ Rxd8 24. Rae1 Nf4 25.
Be4 Rd7 26. Kh2 Nd4 27. Bxb7 Rxb7 28. Re4 Nfe6 29. c3 Nf3+ 30. Kg2 Nd2 31. Rxe6 Kxe6 32. Rd1 Ke5 33. Rxd2 Kf4 34. f3 Re7 35. h6 Rh7 36.
Re2 Rxh6 37. Re4+ Kg5 38. Kg3 Rh1 39. f4+ Kg6 40. Re6 Kf7 41. Rc6 Rb1 42. f5 Rxb2 43. Rc7+ Kf8 44. Rxa7 Rd2 45. Kf4 Rxd3 46. Ra6 Rxc3 47.
Rxb6 Rc4+ 48. Kf3 Kg7 49. Rb7+ Kh6 50. Rf7 Rc3+ 51. Kf4 Rc4+ 52. Kg3 1-0

[Event "Late-Titled-Tuesday-Blitz-January-23-2024"]
[Site "Chess.com"]
[Date "2024.01.23"]
[Round "3"]
[White "Alex_Sahakyan2006"]
[Black "TigrVShlyape"]
[Result "1/2-1/2"]
[WhiteElo "2725"]
[BlackElo "2944"]
[TimeControl "180+1"]
[EndTime "14:29:20 PST"]
[Termination "Game drawn by repetition"]

1. d4 f5 2. e4 fxe4 3. Nc3 Nf6 4. Bg5 g6 5. Bxf6 exf6 6. Nxe4 d5 7. Nc3 Bb4 8. Bd3 Be6 9. h4 Qe7 10. Ne2 Nd7 11. Qd2 O-O-O 12. O-O-O Nb6 13. a3 Bxc3 14. Qxc3 Qd6 15. Rhe1 Rhe8 16. Kb1 c6 17. Nc1 Bg4 18. f3 Bd7 19. Nb3 Rxe1 20. Rxe1 Re8 21. Rxe8+ Bxe8 22. Qe1 Bf7 23. Nc5 Nd7 24. Nxd7 Kxd7 25. h5 Qe7 26.
Qa5 a6 27. Qb6 Kc8 28. Qa7 Qc7 29. Qa8+ Qb8 30. Qxb8+ Kxb8 31. h6 a5 32. f4 Kc7 33.
Kc1 Kd6 34. Kd2 b6 35. Ke3 Ke7 36. g4 Kd6 37. g5 f5 38. Kd2 b5 39. Kc3 Kc7 40.
b3 Kb6 41. Kb2 Kc7 42. c3 Kb6 43. Kc2 Kc7 44. Kd2 Kb6 45. Bc2 Kc7 46. Bd1 Kb6 47. Be2 Kc7 48. c4 b4 49. axb4 axb4 50. c5 Kb7 51. Ke3 Ka7 52. Bd3 Kb7 53. Kd2 Kc7 54. Ba6 Be6 55. Ke3 Bf7 56. Kf2 Be6 57. Bd3 Bf7 58. Ke3 Be6 59. Kd2 Bf7 60. Be2 Be6 61. Bd1 Bf7 62. Bc2 Kd7 63. Bd3 Kc7 1/2-1/2

[Event "Late-Titled-Tuesday-Blitz-January-23-2024"]
[Site "Chess.com"]
[Date "2024.01.23"]
[Round "3"]
[White "GMBenjaminBok"]
[Black "angelgab3"]
[Result "1/2-1/2"]
[WhiteElo "2893"]
[BlackElo "2691"]
[TimeControl "180+1"]
[EndTime "14:29:26 PST"]
[Termination "Game drawn by repetition"]

1. d4 Nf6 2. c4 e6 3. Nc3 d5 4. cxd5 exd5 5. Bg5 c6 6. e3 h6 7. Bh4 Be7 8. Bd3 O-O 9. Nge2 Re8 10. O-O a5 11. Rc1 Nbd7 12. f3 b5 13. Bf2 Ba6 14. Ng3 b4 15. Na4 Bb5 16. h3 Rc8 17. e4 dxe4 18.
fxe4 Bxa4 19. Qxa4 Nc5 20. Qd1 Nxd3 21. Qxd3 Bd6 22.
Rce1 c5 23. Nf5 cxd4 24. Bxd4 Bc5 25. e5 Bxd4+ 26. Nxd4 Nd7 27. e6 fxe6 28. Nxe6 Qb6+ 29. Kh1 Nc5 30. Nxc5 Rxe1 31. Qd5+ Kh7 32. Rxe1 Qxc5 33.
Qd3+ Kh8 34. b3 Qc3 35. Qe4 Rf8 36. Kh2 Qd2 37. Re2 Qd6+ 38. Qe5 Qd3 39. Re3 Qd2 40. Rg3 Qd7 41. Qxa5 Rf2 42. Qxb4 Rxa2 43. Qb8+ Kh7 44. Qe5 Ra3 45. b4 Ra4 46. b5 Rb4 47. h4 Rxh4+ 48. Rh3 Rb4 49. Rg3 Rxb5 50. Rxg7+ Qxg7 51. Qxb5 Qc7+ 52. Kh1 Qc1+ 53. Kh2 Qf4+ 54. Kh3 Kg6 55. Qc6+ Kg5 56. Qd5+ Kg6 57. Qe6+ Kg5 58. Qg8+ Kf6 59. Qf8+ Kg5 60. Qg7+ Kf5 61. Qf7+ Ke4 62. Qc4+ Ke5 63. Qc7+ Ke4 64. Qc2+ Ke5 65. Qc5+ Ke4 66. Qc4+ Ke5 67.
Qc7+ Ke4 68. Qc6+ Ke5 69. Qc7+ 1/2-1/2

[Event "Late-Titled-Tuesday-Blitz-January-23-2024"]
[Site "Chess.com"]
[Date "2024.01.23"]
[Round "3"]
[White "BardArtem"]
[Black "lucachess49"]
[Result "1/2-1/2"]
[WhiteElo "2805"]
[BlackElo "2519"]
[TimeControl "180+1"]
[EndTime "14:29:27 PST"]
[Termination "Game drawn - insufficient material"]

1. e4 e5 2. Nf3 Nc6 3. Bc4 Nf6 4. d3 Be7 5. Nc3 O-O 6. a3 d6 7.
h3 Be6 8. O-O h6 9. Re1 Nd4 10.
Be3 c5 11. Nd2 Qd7 12. Nf1 b5 13. Ba2 Bxa2 14. Rxa2 Qe6 15. Ra1 a6 16. Bd2 d5 17.
Ne3 dxe4 18. dxe4 b4 19. axb4 cxb4 20. Ncd5 Nxe4 21. Nc7 Qc6 22. Nxa8 Rxa8 23. Bxb4 Bh4 24. Ng4 f5 25. Qd3 Qxc2 26. Nxe5 Bxf2+ 27. Kh1 Bxe1 28. Qxd4 Bxb4 29. Qxb4 Qc7 30. Nf3 Ng3+ 31. Kg1 Ne4 32. Rd1 Kh8 33. Qd4 Qa7 34. Ne5 Qxd4+ 35. Rxd4 Kh7 36. g4 Re8 37. Nd7 fxg4 38. hxg4 Nf6 39.
Nxf6+ gxf6 40. Rd6 Kg6 41. Rxa6 Re2 42. b4 Rb2 43.
Rb6 Kg5 44. Kf1 Kxg4 45. Rxf6 Rxb4 46. Rxh6 Rf4+ 47. Kg2 Rf5 48. Ra6 Rg5 49. Ra4+ Kh5+ 50. Kf3 Rf5+ 51. Kg3 Rg5+ 52. Kh3 Kg6 53. Ra6+ Kh5 54.
Rb6 Rg6 55. Rb5+ Rg5 56. Rb8 Rg6 57. Rh8+ Rh6 58. Rf8 Rg6 59. Rf5+ Rg5 60. Rf4 Kg6 61.
Kh4 Rh5+ 62. Kg4 Rg5+ 63. Kf3 Rf5 64. Kg4 Rxf4+ 65. Kxf4 1/2-1/2

[Event "Late-Titled-Tuesday-Blitz-January-23-2024"]
[Site "Chess.com"]
[Date "2024.01.23"]
[Round "3"]
[White "youngdinousaur"]
[Black "chrisclaireredfield"]
[Result "0-1"]
[WhiteElo "2319"]
[BlackElo "2569"]
[TimeControl "180+1"]
[EndTime "14:29:27 PST"]
[Termination "chrisclaireredfield won by resignation"]

1. d4 d5 2. Nf3 Nf6 3. Bf4 e6 4. e3 c5 5. c3 Nc6 6. Bd3 Bd6 7. Bg3 O-O 8. O-O b6 9. Ne5 Bb7 10. Nd2 Qc7 11. f4 g6 12. Bh4 Nh5 13. g4 Ng7 14. Qf3 f6 15. Nxc6 Bxc6 16. Qh3 e5 17. fxe5 fxe5 18. Bg3 e4 19. Be2 Bxg3 20. hxg3 Ne6 21. Kg2 Ng5 22. Qh6 Qe7 23. Rf4 Ne6 24. Rxf8+ Rxf8 25.
Rf1 Rxf1 26. Bxf1 Qg5 27. Qxg5 Nxg5 28. Ba6 Kf7 29. b4 cxb4 30. cxb4 Ke7 31. a3 Bd7 32. Bb7 Kd6 33. Nb1 Bxg4 34. Nc3 Be6 35. Nb5+ Kd7 36. Nxa7 h5 37. Nb5 Nf3 38. Nc3 Kd6 39. a4 Ne1+ 40. Kf2 Nd3+ 41. Ke2 Nxb4 42. Nb5+ Ke7 43. Kd2 g5 44.
Kc3 Nd3 45. Nc7 Kd6 46. Ne8+ Ke7 47. Ng7 h4 48. gxh4 gxh4 49. Nxe6 Kxe6 50. Kd2 Kd6 51.
Bc8 Nb2 52. Kc2 Nc4 53. Kb3 Nxe3 54. Kb4 Ng2 55. Kb5 Kc7 56. Bg4 Nf4 57. a5 bxa5 58.
Kxa5 h3 59. Bxh3 Nxh3 60. Kb4 Nf4 61. Kc3 Kc6 0-1

[Event "Late-Titled-Tuesday-Blitz-January-23-2024"]
[Site "Chess.com"]
[Date "2024.01.23"]
[Round "3"]
[White "Polish_fighter3000"]
[Black "GoltsevDmitry2000"]
[Result "1-0"]
[WhiteElo "3091"]
[BlackElo "2810"]
[TimeControl "180+1"]
[EndTime "14:29:31 PST"]
[Termination "Polish_fighter3000 won on time"]

1. e4 e6 2. d4 d5 3. e5 c5 4. c3 Nc6 5. Nf3 Nge7 6. Na3 Nf5 7. Nc2 h5 8. Bd3 cxd4 9. cxd4 Be7 10. O-O g5 11.
Bxf5 exf5 12. h4 gxh4 13. Kh2 Be6 14. Bf4 Rg8 15. Qd2 Rg4 16. Ng1 Kd7 17. Nh3 Qa5 18.
Qd3 Rag8 19. Ne3 Qb4 20. Rfd1 Kc8 21. Rab1 Kb8 22. a3 Qb6 23. b4 Ka8 24. Rd2 f6 25.
f3 R4g6 26. Nxf5 Bxf5 27. Qxf5 Nxd4 28. Qd7 Qe6 29. Qxe6 Nxe6 30. Re1 f5 31. Ree2 d4 32. Rd1 Rc8 33. Bd2 Rc2 34. Rc1 d3 35. Rxc2 dxc2 36.
Bc1 Nd4 37. Rd2 Nc6 38. Rxc2 a6 39. Nf4 Rg8 40. Bb2 Bg5 41. Nxh5 Re8 42. f4 Bd8 43.
Ng7 Rf8 44. a4 Bb6 45. b5 axb5 46. axb5 Nb4 47. Ba3 Nxc2 48. Bxf8 Be3 49. e6 Bxf4+ 50. Kh3 Bg5 51. e7 Bxe7 52. Bxe7 Nd4 53. b6 f4 54.
Bf6 Nc2 55. Nh5 Ne3 56. Nxf4 Nc4 57. Bd4 Ne5 58. Kxh4 Nc6 59. Bc5 Na5 60. g4 Nb3 61.
Be3 Na5 62. g5 Nc6 63. g6 1-0